Diables vs Thunder (R1)

Created - January 19, 2018 at 19:02

Goals
1 2 3 T
Diables 0 3 2 5
Thunder 1 4 2 7
Shots
1 2 3 T
Diables 3 19 10 32
Thunder 5 15 12 32

1st period

1. Thunder , Scott Parse 19 (Adam Hall 18, Connor Hellebyuk) at 19:10

Penalties :
Joe Labate (TRO) for Fighting (Major) at 2:56, Olli Maatta (Alm) for Fighting (Major) at 2:56, Pavel Valentenko (Alm) for Tripping (Minor) at 7:43, Tim Schaller (Alm) for Slashing (Minor) at 17:03

2nd period

2. Diables , Craig Smith 12 (Taylor Beck 13) at 1:43
3. Diables , Steve Quailer 9 (Tim Schaller 13, Alexandre Burrows 20) at 2:29
4. Thunder , Jay Beagle 2 (Dany Roussin 25, Mikko Vainonen 4) at 5:07
5. Thunder , David Fischer 5 (Jay Beagle 6, Adam Hall 19) at 5:23
6. Thunder , Jay Beagle 3 (Adam Hall 20, Scott Parse 8) at 6:34 (PP)
7. Diables , Craig Smith 13 (Nikita Kucherov 17, Louis Leblanc 2) at 9:10
8. Thunder , Adam Hall 19 (Zach Redmond 8, Brett Festerling 18) at 18:14

Penalties :
Nikita Kucherov (Alm) for Hooking (Minor) at 5:26, Scott Parse (TRO) for High sticking (Minor) at 9:38

3rd period

9. Diables , Taylor Beck 9 (Louis Leblanc 3, Mark Fraser 15) at 2:38
10. Thunder , Thomas Spelling 2 (Jay Beagle 7) at 4:30
11. Thunder , Adam Hall 20 (Jay Beagle 8, Scott Parse 9) at 5:52 (PP)
12. Diables , Jordan Szwarz 10 (Louis Leblanc 4) at 15:43

Penalties :
Brandon Prust (Alm) for Holding (Minor) at 4:33, Brett Festerling (TRO) for High sticking (Minor) at 6:34, Mike Hoffman (TRO) for Roughing (Minor) at 9:23, Mike Hoffman (TRO) for Roughing (Minor) at 17:02, Brandon Prust (Alm) for Slashing (Minor) at 19:23

Goalie Stats

Matt Murray (Alm), 14 saves from 17 shots - (0.824), L, 4-14-1, 33:26 minutes
Jean-Francois Berube (Alm), 11 saves from 15 shots - (0.733), 26:34 minutes
Connor Hellebyuk (TRO), 27 saves from 32 shots - (0.844), W, 1-0-1, 60:00 minutes

Players Stats for Diables

Player Name              G  A  P  +/- PIM S  H  SB GA TA FO     MP     PP MP  PK MP  
------------------------------------------------------------------------------------
Alexandre Burrows        0  1  1   1  0   2  1  1  1  0  0/0    19:01   4:09   2:31 
Brandon Prust            0  0  0  -4  4   0  1  0  0  0  1/2    18:29   3:33   0:24 
Brian Dumoulin           0  0  0  -2  0   0  3  1  0  0  0/0    21:14   4:36   0:50 
Christian Thomas         0  0  0   1  0   1  0  0  0  0  0/0     8:03   0:14   0:00 
Craig Smith              2  0  2   2  0   4  2  1  1  2  1/1    18:15   3:32   4:06 
Jamie Oleksiak           0  0  0   1  0   0  0  0  0  1  0/0    14:57   0:17   1:32 
Jon Merrill              0  0  0   1  0   0  1  2  1  1  0/0    25:07   3:03   5:02 
Jordan Szwarz            1  0  1   1  0   3  1  0  1  0  0/0     8:04   0:15   0:00 
Louis Leblanc            0  3  3   2  0   3  3  1  0  0  2/4    13:24   0:15   0:56 
Mark Fraser              0  1  1   1  0   0  2  0  1  0  0/0    26:50   4:29   4:18 
Nikita Kucherov          0  1  1  -3  2   5  2  0  1  0  3/5    22:46   4:09   0:00 
Olli Maatta              0  0  0   1  5   0  3  1  0  0  0/0    15:28   3:27   1:23 
Pavel Valentenko         0  0  0  -2  2   1  0  2  2  1  0/0    16:36   0:00   1:05 
Stefan Matteau           0  0  0   0  0   0  0  0  0  0  0/0     0:07   0:00   0:00 
Steve Quailer            1  0  1   1  0   3  1  0  1  0  0/0    12:16   0:00   0:00 
Taylor Beck              1  1  2   2  0   2  0  0  0  0  3/6    15:38   4:09   1:10 
Tim Schaller             0  1  1   1  2   4  3  1  0  0  7/17   19:50   3:32   3:10 
Tyler Bozak              0  0  0  -4  0   4  2  3  1  0  16/21  16:56   0:00   1:45 

Players Stats for Thunder

Player Name              G  A  P  +/- PIM S  H  SB GA TA FO     MP     PP MP  PK MP  
------------------------------------------------------------------------------------
Adam Hall                2  3  5   0  0   8  2  1  1  2  0/0    22:09   4:06   1:49 
Austin Wuthrich          0  0  0   0  0   0  2  0  0  0  0/0     6:26   0:00   0:00 
Brandon Saad             0  0  0   0  0   3  0  0  1  1  0/0     7:30   0:00   0:56 
Brett Festerling         0  1  1  -2  2   0  3  2  1  1  0/0    19:36   2:44   2:44 
Dany Roussin             0  1  1   0  0   1  3  0  0  0  1/1    18:39   2:55   4:11 
Daultan Leveillé         0  0  0   0  0   1  4  0  1  0  2/4    14:28   2:55   0:00 
David Fischer            1  0  1   1  0   4  0  1  0  1  0/0    28:27   4:17   4:16 
David Wolf               0  0  0   0  0   0  0  0  0  0  0/0     0:59   0:02   0:00 
Gianluca Curcuruto       0  0  0   0  0   0  0  0  0  0  0/0     3:45   0:00   0:18 
Jared Staal              0  0  0   0  0   1  2  0  0  0  0/0    10:34   0:00   0:00 
Jay Beagle               2  3  5   0  0   6  1  2  0  0  13/36  22:19   4:04   1:58 
Joe Labate               0  0  0   0  5   0  0  0  0  0  0/2     5:32   0:00   0:00 
Joey Ryan                0  0  0   1  0   0  1  0  0  2  0/0    25:44   4:17   4:16 
Mike Hoffman             0  0  0   0  4   1  0  0  1  1  0/1    11:55   0:00   1:00 
Mikko Vainonen           0  1  1   1  0   0  0  0  0  0  0/0    11:16   0:00   0:38 
Nikolay Prokhorkin       0  0  0   0  0   0  0  0  0  0  0/0     0:00   0:00   0:00 
Peter Andersson          0  0  0   1  0   0  0  0  0  0  0/0    10:55   0:00   0:01 
Ryan Nugent-Hopkins      0  0  0   0  0   0  0  0  0  0  0/2    11:26   0:00   0:52 
Scott Parse              1  2  3   0  2   4  2  0  0  2  6/8    23:27   4:06   3:15 
Thomas Spelling          1  0  1   0  0   2  1  1  0  0  0/0    14:28   2:55   0:00 
Zach Redmond             0  1  1  -2  0   1  2  1  0  0  0/0    20:24   2:44   3:39 
Zach Stepan              0  0  0   0  0   0  0  0  0  0  1/2     2:00   0:00   1:51 

3 Stars

1 - Adam Hall (TRO)
2 - Jay Beagle (TRO)
3 - Craig Smith (Alm)

Power Play

Diables - 0 on 4 Attempt(s) - 0.00%
Thunder - 2 on 5 Attempt(s) - 40.00%

Penalty Kill

Diables - 3 on 5 Attempt(s) - 60.00% - Score 0 goal in Penalty Kill
Thunder - 4 on 4 Attempt(s) - 100.00% - Score 0 goal in Penalty Kill

Team Stat

Diables - Hits : 25 - Faceoff Wins : 33 - Blocked Shots : 13 - Penalty Minutes : 15
Thunder - Hits : 23 - Faceoff Wins : 23 - Blocked Shots : 8 - Penalty Minutes : 13

Official

Referees : Fraser Kerry and Marouelli Dan
Linesman : Scott Cherrey and Tim Nowak

Game Notes

Stefan Matteau is injured at 0:50 of 1st period (Left Hand)
Joe Labate and Olli Maatta fight to a draw at 2:56 of 1st period
Matt Murray enters game at 6:34 of 2nd period

Finance

Level 1 -- Attendance: 1369 (68.45%) -- Ticket Income $54,760
Level 2 -- Attendance: 798 (79.80%) -- Ticket Income $15,960
Total Attendance: 2167 (72.23%)
Total Ticket Income: $70,720
Other Income: $3,536
Total Income: $74,256

Diables

5 vs 5 Forward 
   Center                   Left Wing                Right Wing               Time % Phy DF OF 
 1 Tyler Bozak              Brandon Prust            Nikita Kucherov          40     1   2  2  
 2 Tim Schaller             Alexandre Burrows        Steve Quailer            30     1   2  2  
 3 Stefan Matteau           Taylor Beck              Craig Smith              20     1   2  2  
 4 Louis Leblanc            Christian Thomas         Jordan Szwarz            10     1   2  2  

5 vs 5 Defense 
   Defense                  Defense                                           Time % Phy DF OF 
 1 Mark Fraser              Jon Merrill                                       40     1   2  2  
 2 Pavel Valentenko         Brian Dumoulin                                    30     1   2  2  
 3 Jamie Oleksiak           Olli Maatta                                       20     1   2  2  
 4 Jamie Oleksiak           Olli Maatta                                       10     1   2  2  

PowerPlay Forward 
   Center                   Left Wing                Right Wing               Time % Phy DF OF 
 1 Taylor Beck              Alexandre Burrows        Nikita Kucherov          60     1   2  2  
 2 Tim Schaller             Brandon Prust            Craig Smith              40     1   2  2  

PowerPlay Defense
   Defense                  Defense                                           Time % Phy DF OF 
 1 Mark Fraser              Brian Dumoulin                                    60     1   2  2  
 2 Olli Maatta              Jon Merrill                                       40     1   2  2  

Penalty Kill 4 Players Forward 
   Center                   Wing                     Time % Phy DF OF 
 1 Tim Schaller             Craig Smith              60     1   2  2  
 2 Tyler Bozak              Alexandre Burrows        40     1   2  2  

Penalty Kill 4 Players Defense
   Defense                  Defense                  Time % Phy DF OF 
 1 Mark Fraser              Jon Merrill              60     1   2  2  
 2 Pavel Valentenko         Jon Merrill              40     1   2  2  

Penalty Kill - 3 Players Forward 
   Forward                                           Time % Phy DF OF 
 1 Brandon Prust                                     60     1   2  2  
 2 Tim Schaller                                      40     1   2  2  

Penalty Kill - 3 Players Defense
   Defense                  Defense                  Time % Phy DF OF 
 1 Mark Fraser              Pavel Valentenko         60     1   2  2  
 2 Olli Maatta              Jon Merrill              40     1   2  2  

4 vs 4 Forward 
   Center                   Wing                     Time % Phy DF OF 
 1 Tyler Bozak              Alexandre Burrows        60     1   2  2  
 2 Tim Schaller             Brandon Prust            40     1   2  2  

4 vs 4 Defense
   Defense                  Defense                  Time % Phy DF OF 
 1 Mark Fraser              Brian Dumoulin           60     1   2  2  
 2 Pavel Valentenko         Jon Merrill              40     1   2  2  

Last Minutes Offensive
   Center                   Left Wing                Right Wing               Defense                  Defense                  
   Tyler Bozak              Brandon Prust            Craig Smith              Brian Dumoulin           Jon Merrill              

Last Minutes Defensive
   Center                   Left Wing                Right Wing               Defense                  Defense                  
   Tyler Bozak              Brandon Prust            Craig Smith              Mark Fraser              Jon Merrill              

Goaltenders
Starting : Jean-Francois Berube     
Backup : Matt Murray              

Extra Forwards
Normal : Craig Smith, Nikita Kucherov, Taylor Beck - PP : Craig Smith, Nikita Kucherov - PK : Taylor Beck
Extra Defensemen
Normal : Brian Dumoulin, Jamie Oleksiak, Olli Maatta - PP : Brian Dumoulin - PK : Jamie Oleksiak, Olli Maatta
Penalty Shots
Nikita Kucherov, Tyler Bozak, Alexandre Burrows, Craig Smith, Tim Schaller

Scratches
Gemel Smith (Healthy), Matt Lindblad (Healthy), Kyle Chipchura (Healthy), Borna Rendulic (Healthy), Adam Clendening (Healthy)
Eric Karlsson (Healthy), Brett Ritchie (Healthy), Blake Coleman (Healthy), Daniel Zaar (Healthy), Andrew O'Brien (Healthy)
Keith Seabrook (Healthy), Pierre-Cédric Labrie (Healthy), Marc-André Bourdon (Healthy), Linus Ullmark (Healthy)

Thunder

5 vs 5 Forward 
   Center                   Left Wing                Right Wing               Time % Phy DF OF 
 1 Jay Beagle               Scott Parse              Adam Hall                40     1   2  2  
 2 Daultan Leveillé         Dany Roussin             Thomas Spelling          30     1   2  2  
 3 Ryan Nugent-Hopkins      Mike Hoffman             Jared Staal              20     1   2  2  
 4 Joe Labate               Brandon Saad             Austin Wuthrich          10     1   2  2  

5 vs 5 Defense 
   Defense                  Defense                                           Time % Phy DF OF 
 1 David Fischer            Joey Ryan                                         40     1   2  2  
 2 Zach Redmond             Brett Festerling                                  30     1   2  2  
 3 Peter Andersson          Mikko Vainonen                                    20     1   2  2  
 4 Gianluca Curcuruto       David Fischer                                     10     1   2  2  

PowerPlay Forward 
   Center                   Left Wing                Right Wing               Time % Phy DF OF 
 1 Jay Beagle               Scott Parse              Adam Hall                60     1   2  2  
 2 Daultan Leveillé         Dany Roussin             Thomas Spelling          40     1   2  2  

PowerPlay Defense
   Defense                  Defense                                           Time % Phy DF OF 
 1 David Fischer            Joey Ryan                                         60     1   2  2  
 2 Zach Redmond             Brett Festerling                                  40     1   2  2  

Penalty Kill 4 Players Forward 
   Center                   Wing                     Time % Phy DF OF 
 1 Scott Parse              Dany Roussin             60     1   2  2  
 2 Adam Hall                Jay Beagle               40     1   2  2  

Penalty Kill 4 Players Defense
   Defense                  Defense                  Time % Phy DF OF 
 1 David Fischer            Joey Ryan                60     1   2  2  
 2 Zach Redmond             Brett Festerling         40     1   2  2  

Penalty Kill - 3 Players Forward 
   Forward                                           Time % Phy DF OF 
 1 Scott Parse                                       60     1   2  2  
 2 Dany Roussin                                      40     1   2  2  

Penalty Kill - 3 Players Defense
   Defense                  Defense                  Time % Phy DF OF 
 1 David Fischer            Joey Ryan                60     1   2  2  
 2 Zach Redmond             Brett Festerling         40     1   2  2  

4 vs 4 Forward 
   Center                   Wing                     Time % Phy DF OF 
 1 Scott Parse              Dany Roussin             60     1   2  2  
 2 Adam Hall                Jay Beagle               40     1   2  2  

4 vs 4 Defense
   Defense                  Defense                  Time % Phy DF OF 
 1 David Fischer            Joey Ryan                60     1   2  2  
 2 Zach Redmond             Brett Festerling         40     1   2  2  

Last Minutes Offensive
   Center                   Left Wing                Right Wing               Defense                  Defense                  
   Jay Beagle               Scott Parse              Adam Hall                David Fischer            Joey Ryan                

Last Minutes Defensive
   Center                   Left Wing                Right Wing               Defense                  Defense                  
   Jay Beagle               Scott Parse              Adam Hall                David Fischer            Joey Ryan                

Goaltenders
Starting : Connor Hellebyuk         
Backup : Devan Dubnyk             

Extra Forwards
Normal : David Wolf, Nikolay Prokhorkin, Zach Stepan - PP : David Wolf, Nikolay Prokhorkin - PK : Zach Stepan
Extra Defensemen
Normal : Peter Andersson, Mikko Vainonen, Gianluca Curcuruto - PP : Peter Andersson - PK : Mikko Vainonen, Gianluca Curcuruto
Penalty Shots
Scott Parse, Dany Roussin, Adam Hall, Jay Beagle, Daultan Leveillé

Scratches
Niklas Treutle (Healthy)

% Time on Ice - Diables

Lines # - Real PCT - Wanted PCT - Time Play
Normal Forward
1 - 32% - 40% - 14:37
2 - 27% - 30% - 12:23
3 - 23% - 20% - 10:14
4 - 17% - 10% - 7:49
Normal Defense
1 - 42% - 40% - 18:49
2 - 33% - 30% - 14:41
3 - 20% - 20% - 8:54
4 - 6% - 10% - 2:39
PP Forward
1 - 55% - 60% - 4:24
2 - 45% - 40% - 3:32
PP Defense
1 - 62% - 60% - 4:53
2 - 38% - 40% - 3:03
PK Forward
1 - 81% - 60% - 5:39
2 - 19% - 40% - 1:22
PK Defense
1 - 63% - 60% - 4:27
2 - 37% - 40% - 2:34
PK3 Forward
1 - 0% - 60%
2 - 0% - 40%
PK3 Defense
1 - 0% - 60%
2 - 0% - 40%
44 Forward
1 - 0% - 60%
2 - 0% - 40%
44 Defense
1 - 0% - 60%
2 - 0% - 40%
Last Minute Offensive  - 0:00
Last Minute Defensive  - 0:00
Total
Forward - 60:00
Defense - 60:00

% Time on Ice - Thunder

Lines # - Real PCT - Wanted PCT - Time Play
Normal Forward
1 - 36% - 40% - 16:16
2 - 26% - 30% - 11:47
3 - 23% - 20% - 10:34
4 - 14% - 10% - 6:26
Normal Defense
1 - 38% - 40% - 17:11
2 - 31% - 30% - 14:09
3 - 24% - 20% - 10:38
4 - 7% - 10% - 3:05
PP Forward
1 - 58% - 60% - 4:06
2 - 42% - 40% - 2:55
PP Defense
1 - 61% - 60% - 4:17
2 - 39% - 40% - 2:44
PK Forward
1 - 77% - 60% - 6:07
2 - 23% - 40% - 1:49
PK Defense
1 - 54% - 60% - 4:16
2 - 46% - 40% - 3:40
PK3 Forward
1 - 0% - 60%
2 - 0% - 40%
PK3 Defense
1 - 0% - 60%
2 - 0% - 40%
44 Forward
1 - 0% - 60%
2 - 0% - 40%
44 Defense
1 - 0% - 60%
2 - 0% - 40%
Last Minute Offensive  - 0:00
Last Minute Defensive  - 0:00
Total
Forward - 60:00
Defense - 60:00

Play by Play

1st period


0:01 of 1st period - Scott Parse wins face-off versus Tyler Bozak in neutral zone.
0:06 of 1st period - Wrist shot by Adam Hall.
0:06 of 1st period - Stopped by Jean-Francois Berube with a rebound.
0:08 of 1st period - Snap shot by Adam Hall.
0:08 of 1st period - Stopped by Jean-Francois Berube with a rebound.
0:49 of 1st period - Stefan Matteau is hit by Jared Staal and loses puck.
0:50 of 1st period - Stefan Matteau from Diables is injured at 0:50 of 1st period (Left Hand).
0:51 of 1st period - Louis Leblanc wins face-off versus Joe Labate in Diables zone.
1:04 of 1st period - Snap shot by Jordan Szwarz.
1:04 of 1st period - Shot Misses the Net.
1:42 of 1st period - Ryan Nugent-Hopkins is hit by Tim Schaller and loses puck.
2:23 of 1st period - Brian Dumoulin is hit by Scott Parse and loses puck.
2:40 of 1st period - Snap shot by Adam Hall.
2:40 of 1st period - Deflect By Brandon Saad.
2:40 of 1st period - Shot Blocked by Brian Dumoulin.
2:40 of 1st period - Puck is out of play.
2:41 of 1st period - Brandon Prust wins face-off versus Joe Labate in Diables zone.
2:48 of 1st period - Zach Redmond is hit by Olli Maatta and loses puck.
2:56 of 1st period - Joe Labate and Olli Maatta fight to a draw.
2:56 of 1st period - Penalty to Joe Labate for Fighting.
2:56 of 1st period - Penalty to Olli Maatta for Fighting.
2:57 of 1st period - Jay Beagle wins face-off versus Brandon Prust in Diables zone.
2:58 of 1st period - Slapshot by Adam Hall.
2:58 of 1st period - Shot Misses the Net.
3:50 of 1st period - Snap shot by Adam Hall.
3:50 of 1st period - Deflect By Jay Beagle.
3:50 of 1st period - Shot Misses the Net.
3:50 of 1st period - Puck is out of play.
3:51 of 1st period - Tyler Bozak wins face-off versus Daultan Leveillé in Diables zone.
3:51 of 1st period - Tyler Bozak is hit by Dany Roussin.
4:58 of 1st period - Snap shot by Daultan Leveillé.
4:58 of 1st period - Shot Misses the Net.
5:00 of 1st period - Wrist shot by Daultan Leveillé.
5:00 of 1st period - Deflect By Dany Roussin.
5:00 of 1st period - Deflect By Craig Smith.
5:00 of 1st period - Stopped by Jean-Francois Berube with a rebound.
5:02 of 1st period - Wrist shot by Dany Roussin.
5:02 of 1st period - Shot Misses the Net.
5:16 of 1st period - Brandon Prust is hit by Jared Staal.
7:29 of 1st period - Daultan Leveillé is hit by Tyler Bozak and loses puck.
7:43 of 1st period - Minor Penalty to Pavel Valentenko for Tripping.
7:44 of 1st period - Jay Beagle wins face-off versus Tim Schaller in Diables zone.
7:56 of 1st period - Penalty to Olli Maatta is over, Olli Maatta is back on ice.
8:09 of 1st period - Tim Schaller is hit by Daultan Leveillé and loses puck.
8:28 of 1st period - Wrist shot by Adam Hall.
8:28 of 1st period - Shot Misses the Net.
9:04 of 1st period - Olli Maatta is hit by Daultan Leveillé and loses puck.
9:41 of 1st period - Zach Redmond is hit by Brandon Prust and loses puck.
9:43 of 1st period - Penalty to Pavel Valentenko is over, Pavel Valentenko is back on ice.
10:19 of 1st period - Jordan Szwarz is hit by Austin Wuthrich and loses puck.
11:37 of 1st period - Joey Ryan is hit by Jordan Szwarz and loses puck.
12:09 of 1st period - Tim Schaller is hit by Dany Roussin and loses puck.
12:35 of 1st period - Icing by Mark Fraser.
12:36 of 1st period - Daultan Leveillé wins face-off versus Louis Leblanc in Diables zone.
12:37 of 1st period - Snap shot by Dany Roussin.
12:37 of 1st period - Shot Misses the Net.
12:47 of 1st period - Wrist shot by Scott Parse.
12:47 of 1st period - Shot Blocked by Pavel Valentenko.
12:49 of 1st period - Snap shot by Scott Parse.
12:49 of 1st period - Shot Blocked by Louis Leblanc.
13:38 of 1st period - Tim Schaller is hit by Dany Roussin.
13:52 of 1st period - Wrist shot by Steve Quailer.
13:52 of 1st period - Deflect By Tim Schaller.
13:52 of 1st period - Shot Misses the Net.
13:52 of 1st period - Puck is out of play.
13:53 of 1st period - Tim Schaller wins face-off versus Jay Beagle in Thunder zone.
14:43 of 1st period - Snap shot by Taylor Beck.
14:43 of 1st period - Shot Misses the Net.
15:46 of 1st period - Slapshot by Adam Hall.
15:46 of 1st period - Stopped by Jean-Francois Berube with a rebound.
15:56 of 1st period - Mikko Vainonen is hit by Louis Leblanc.
16:00 of 1st period - Wrist shot by Jordan Szwarz.
16:00 of 1st period - Stopped by Connor Hellebyuk without a rebound.
16:01 of 1st period - Louis Leblanc wins face-off versus Scott Parse in Thunder zone.
16:02 of 1st period - Snap shot by Jordan Szwarz.
16:02 of 1st period - Shot Blocked by David Fischer.
16:51 of 1st period - Wrist shot by Mike Hoffman.
16:51 of 1st period - Shot Blocked by Alexandre Burrows.
16:53 of 1st period - Wrist shot by Zach Redmond.
16:53 of 1st period - Shot Misses the Net.
17:03 of 1st period - Minor Penalty to Tim Schaller for Slashing.
17:04 of 1st period - Taylor Beck wins face-off versus Jay Beagle in Diables zone.
17:11 of 1st period - Snap shot by Craig Smith.
17:11 of 1st period - Stopped by Connor Hellebyuk with a rebound.
18:07 of 1st period - Craig Smith is hit by Daultan Leveillé and loses puck.
19:03 of 1st period - Penalty to Tim Schaller is over, Tim Schaller is back on ice.
19:10 of 1st period - Snap shot by Scott Parse.
19:10 of 1st period - Goal by Scott Parse - Diables : 0 - Thunder : 1.
19:11 of 1st period - Tyler Bozak wins face-off versus Ryan Nugent-Hopkins in neutral zone.
19:18 of 1st period - Snap shot by Brandon Prust.
19:18 of 1st period - Shot Misses the Net.
19:45 of 1st period - Slapshot by Alexandre Burrows.
19:45 of 1st period - Stopped by Connor Hellebyuk with a rebound.
19:47 of 1st period - Slapshot by Tim Schaller.
19:47 of 1st period - Shot Misses the Net.
19:56 of 1st period - Off-side.
19:57 of 1st period - Daultan Leveillé wins face-off versus Nikita Kucherov in neutral zone.
19:59 of 1st period - Off-side.
Goals for this period are 0 for Diables vs 1 for Thunder.
Shots for this period are 3 for Diables vs 5 for Thunder.

2nd period


0:01 of 2nd period - Tyler Bozak wins face-off versus Jay Beagle in neutral zone.
1:07 of 2nd period - Slapshot by Zach Redmond.
1:07 of 2nd period - Stopped by Jean-Francois Berube with a rebound.
1:41 of 2nd period - Snap shot by Taylor Beck.
1:41 of 2nd period - Stopped by Connor Hellebyuk with a rebound.
1:43 of 2nd period - Backhand shot by Craig Smith.
1:43 of 2nd period - Goal by Craig Smith - Diables : 1 - Thunder : 1.
1:44 of 2nd period - Tyler Bozak wins face-off versus Jay Beagle in neutral zone.
1:49 of 2nd period - Slapshot by Tyler Bozak.
1:49 of 2nd period - Stopped by Connor Hellebyuk with a rebound.
2:13 of 2nd period - Snap shot by Dany Roussin.
2:13 of 2nd period - Deflect By Thomas Spelling.
2:13 of 2nd period - Stopped by Jean-Francois Berube without a rebound.
2:14 of 2nd period - Tim Schaller wins face-off versus Jay Beagle in Diables zone.
2:21 of 2nd period - Wrist shot by Tim Schaller.
2:21 of 2nd period - Stopped by Connor Hellebyuk with a rebound.
2:23 of 2nd period - Snap shot by Steve Quailer.
2:23 of 2nd period - Shot Misses the Net.
2:27 of 2nd period - Snap shot by Tim Schaller.
2:27 of 2nd period - Stopped by Connor Hellebyuk with a rebound.
2:29 of 2nd period - Slapshot by Steve Quailer.
2:29 of 2nd period - Goal by Steve Quailer - Diables : 2 - Thunder : 1.
2:30 of 2nd period - Nikita Kucherov wins face-off versus Jay Beagle in neutral zone.
2:45 of 2nd period - Snap shot by Tyler Bozak.
2:45 of 2nd period - Stopped by Connor Hellebyuk with a rebound.
3:37 of 2nd period - Snap shot by Jordan Szwarz.
3:37 of 2nd period - Stopped by Connor Hellebyuk with a rebound.
3:39 of 2nd period - Slapshot by Brian Dumoulin.
3:39 of 2nd period - Deflect By Christian Thomas.
3:39 of 2nd period - Shot Blocked by Brett Festerling.
3:39 of 2nd period - Puck is out of play.
3:40 of 2nd period - Jay Beagle wins face-off versus Tim Schaller in Thunder zone.
3:53 of 2nd period - Wrist shot by Adam Hall.
3:53 of 2nd period - Stopped by Jean-Francois Berube without a rebound.
3:54 of 2nd period - Jay Beagle wins face-off versus Tyler Bozak in Diables zone.
3:55 of 2nd period - Snap shot by Scott Parse.
3:55 of 2nd period - Stopped by Jean-Francois Berube without a rebound.
3:56 of 2nd period - Tyler Bozak wins face-off versus Jay Beagle in Diables zone.
4:09 of 2nd period - Wrist shot by Adam Hall.
4:09 of 2nd period - Shot Misses the Net.
4:11 of 2nd period - Wrist shot by Scott Parse.
4:11 of 2nd period - Shot Misses the Net.
4:21 of 2nd period - Nikita Kucherov is hit by Brett Festerling and loses puck.
4:30 of 2nd period - Wrist shot by Mike Hoffman.
4:30 of 2nd period - Shot Misses the Net.
4:32 of 2nd period - Snap shot by Jared Staal.
4:32 of 2nd period - Shot Misses the Net.
4:34 of 2nd period - Snap shot by Ryan Nugent-Hopkins.
4:34 of 2nd period - Deflect By Jared Staal.
4:34 of 2nd period - Stopped by Jean-Francois Berube with a rebound.
4:46 of 2nd period - Snap shot by Dany Roussin.
4:46 of 2nd period - Shot Misses the Net.
4:54 of 2nd period - Daultan Leveillé is hit by Alexandre Burrows and loses puck.
5:07 of 2nd period - Slapshot by Jay Beagle.
5:07 of 2nd period - Goal by Jay Beagle - Diables : 2 - Thunder : 2.
5:08 of 2nd period - Tyler Bozak wins face-off versus Jay Beagle in neutral zone.
5:21 of 2nd period - Snap shot by Jay Beagle.
5:21 of 2nd period - Stopped by Jean-Francois Berube with a rebound.
5:23 of 2nd period - Snap shot by David Fischer.
5:23 of 2nd period - Goal by David Fischer - Diables : 2 - Thunder : 3.
5:24 of 2nd period - Tyler Bozak wins face-off versus Jay Beagle in neutral zone.
5:26 of 2nd period - Minor Penalty to Nikita Kucherov for Hooking.
5:27 of 2nd period - Tim Schaller wins face-off versus Jay Beagle in Diables zone.
5:35 of 2nd period - Slapshot by David Fischer.
5:35 of 2nd period - Stopped by Jean-Francois Berube with a rebound.
5:42 of 2nd period - Off-side.
5:43 of 2nd period - Jay Beagle wins face-off versus Tim Schaller in neutral zone.
5:54 of 2nd period - Snap shot by Tim Schaller.
5:54 of 2nd period - Stopped by Connor Hellebyuk with a rebound.
6:06 of 2nd period - Thomas Spelling is hit by Mark Fraser and loses puck.
6:15 of 2nd period - Slapshot by Alexandre Burrows.
6:15 of 2nd period - Stopped by Connor Hellebyuk with a rebound.
6:17 of 2nd period - Snap shot by Jon Merrill.
6:17 of 2nd period - Deflect By Alexandre Burrows.
6:17 of 2nd period - Shot Misses the Net.
6:17 of 2nd period - Puck is out of play.
6:18 of 2nd period - Jay Beagle wins face-off versus Tim Schaller in Thunder zone.
6:18 of 2nd period - Jay Beagle is hit by Tim Schaller.
6:32 of 2nd period - Snap shot by Adam Hall.
6:32 of 2nd period - Shot Blocked by Craig Smith.
6:34 of 2nd period - Wrist shot by Jay Beagle.
6:34 of 2nd period - Goal by Jay Beagle - Diables : 2 - Thunder : 4.
6:34 of 2nd period - Matt Murray enters game.
6:35 of 2nd period - Jay Beagle wins face-off versus Tyler Bozak in neutral zone.
6:38 of 2nd period - Snap shot by Adam Hall.
6:38 of 2nd period - Deflect By Jay Beagle.
6:38 of 2nd period - Stopped by Matt Murray with a rebound.
6:44 of 2nd period - Jay Beagle is hit by Nikita Kucherov and loses puck.
6:51 of 2nd period - Wrist shot by Nikita Kucherov.
6:51 of 2nd period - Stopped by Connor Hellebyuk with a rebound.
7:01 of 2nd period - Adam Hall is hit by Louis Leblanc and loses puck.
8:04 of 2nd period - David Fischer is hit by Louis Leblanc and loses puck.
9:08 of 2nd period - Snap shot by Craig Smith.
9:08 of 2nd period - Stopped by Connor Hellebyuk with a rebound.
9:10 of 2nd period - Wrist shot by Craig Smith.
9:10 of 2nd period - Goal by Craig Smith - Diables : 3 - Thunder : 4.
9:11 of 2nd period - Tyler Bozak wins face-off versus Jay Beagle in neutral zone.
9:15 of 2nd period - Off-side.
9:16 of 2nd period - Tyler Bozak wins face-off versus Jay Beagle in neutral zone.
9:19 of 2nd period - Jay Beagle is hit by Tyler Bozak and loses puck.
9:38 of 2nd period - Minor Penalty to Scott Parse for High sticking.
9:39 of 2nd period - Taylor Beck wins face-off versus Zach Stepan in Thunder zone.
9:40 of 2nd period - Snap shot by Nikita Kucherov.
9:40 of 2nd period - Shot Blocked by Zach Redmond.
10:04 of 2nd period - Brian Dumoulin is hit by Zach Redmond and loses puck.
11:00 of 2nd period - Joey Ryan is hit by Brian Dumoulin and loses puck.
11:38 of 2nd period - Penalty to Scott Parse is over, Scott Parse is back on ice.
11:44 of 2nd period - Wrist shot by Jay Beagle.
11:44 of 2nd period - Stopped by Matt Murray without a rebound.
11:45 of 2nd period - Jay Beagle wins face-off versus Louis Leblanc in Diables zone.
11:46 of 2nd period - Snap shot by Adam Hall.
11:46 of 2nd period - Shot Misses the Net.
11:54 of 2nd period - Snap shot by Louis Leblanc.
11:54 of 2nd period - Shot Blocked by Jay Beagle.
11:56 of 2nd period - Backhand shot by Olli Maatta.
11:56 of 2nd period - Shot Misses the Net.
11:58 of 2nd period - Wrist shot by Christian Thomas.
11:58 of 2nd period - Stopped by Connor Hellebyuk with a rebound.
12:15 of 2nd period - Scott Parse is hit by Olli Maatta and loses puck.
12:38 of 2nd period - Dany Roussin is hit by Brian Dumoulin.
12:44 of 2nd period - Snap shot by Dany Roussin.
12:44 of 2nd period - Shot Misses the Net.
13:33 of 2nd period - Daultan Leveillé is hit by Nikita Kucherov and loses puck.
13:40 of 2nd period - Nikita Kucherov is hit by Brett Festerling and loses puck.
13:57 of 2nd period - Wrist shot by Jordan Szwarz.
13:57 of 2nd period - Deflect By Louis Leblanc.
13:57 of 2nd period - Stopped by Connor Hellebyuk without a rebound.
13:58 of 2nd period - Jay Beagle wins face-off versus Tim Schaller in Thunder zone.
14:05 of 2nd period - Snap shot by Scott Parse.
14:05 of 2nd period - Stopped by Matt Murray without a rebound.
14:06 of 2nd period - Tim Schaller wins face-off versus Jay Beagle in Diables zone.
14:37 of 2nd period - David Fischer is hit by Craig Smith and loses puck.
15:04 of 2nd period - Wrist shot by Mike Hoffman.
15:04 of 2nd period - Stopped by Matt Murray without a rebound.
15:05 of 2nd period - Tyler Bozak wins face-off versus Jay Beagle in Diables zone.
15:30 of 2nd period - Alexandre Burrows is hit by Daultan Leveillé and loses puck.
16:56 of 2nd period - Snap shot by Daultan Leveillé.
16:56 of 2nd period - Deflect By Dany Roussin.
16:56 of 2nd period - Shot Blocked by Olli Maatta.
16:56 of 2nd period - Puck is out of play.
16:57 of 2nd period - Nikita Kucherov wins face-off versus Jay Beagle in Diables zone.
17:04 of 2nd period - Snap shot by Tyler Bozak.
17:04 of 2nd period - Deflect By Joey Ryan.
17:04 of 2nd period - Stopped by Connor Hellebyuk with a rebound.
17:16 of 2nd period - Brandon Prust is hit by Jay Beagle and loses puck.
17:57 of 2nd period - Off-side.
17:58 of 2nd period - Scott Parse wins face-off versus Tyler Bozak in neutral zone.
18:14 of 2nd period - Snap shot by Adam Hall.
18:14 of 2nd period - Goal by Adam Hall - Diables : 3 - Thunder : 5.
18:15 of 2nd period - Tyler Bozak wins face-off versus Jay Beagle in neutral zone.
18:30 of 2nd period - Snap shot by Jay Beagle.
18:30 of 2nd period - Shot Blocked by Jon Merrill.
19:12 of 2nd period - Snap shot by Nikita Kucherov.
19:12 of 2nd period - Stopped by Connor Hellebyuk without a rebound.
19:13 of 2nd period - Craig Smith wins face-off versus Jay Beagle in Thunder zone.
19:14 of 2nd period - Wrist shot by Nikita Kucherov.
19:14 of 2nd period - Stopped by Connor Hellebyuk without a rebound.
19:15 of 2nd period - Jay Beagle wins face-off versus Nikita Kucherov in Thunder zone.
19:26 of 2nd period - Mark Fraser is hit by Scott Parse and loses puck.
19:49 of 2nd period - Snap shot by Alexandre Burrows.
19:49 of 2nd period - Shot Misses the Net.
19:51 of 2nd period - Snap shot by Tim Schaller.
19:51 of 2nd period - Stopped by Connor Hellebyuk with a rebound.
Goals for this period are 3 for Diables vs 4 for Thunder.
Shots for this period are 19 for Diables vs 15 for Thunder.

3rd period


0:01 of 3rd period - Tyler Bozak wins face-off versus Jay Beagle in neutral zone.
0:08 of 3rd period - Wrist shot by Scott Parse.
0:08 of 3rd period - Shot Blocked by Tyler Bozak.
0:10 of 3rd period - Slapshot by David Fischer.
0:10 of 3rd period - Shot Blocked by Pavel Valentenko.
0:12 of 3rd period - Snap shot by Adam Hall.
0:12 of 3rd period - Shot Misses the Net.
0:14 of 3rd period - Slapshot by David Fischer.
0:14 of 3rd period - Deflect By Adam Hall.
0:14 of 3rd period - Shot Misses the Net.
0:14 of 3rd period - Puck is out of play.
0:15 of 3rd period - Dany Roussin wins face-off versus Tim Schaller in Diables zone.
0:41 of 3rd period - Joey Ryan is hit by Olli Maatta.
1:21 of 3rd period - Wrist shot by Steve Quailer.
1:21 of 3rd period - Shot Misses the Net.
1:23 of 3rd period - Snap shot by Steve Quailer.
1:23 of 3rd period - Stopped by Connor Hellebyuk without a rebound.
1:24 of 3rd period - Scott Parse wins face-off versus Tim Schaller in Thunder zone.
1:29 of 3rd period - Slapshot by Adam Hall.
1:29 of 3rd period - Stopped by Matt Murray with a rebound.
1:31 of 3rd period - Wrist shot by Scott Parse.
1:31 of 3rd period - Stopped by Matt Murray with a rebound.
1:33 of 3rd period - Snap shot by Adam Hall.
1:33 of 3rd period - Stopped by Matt Murray with a rebound.
1:35 of 3rd period - Snap shot by Mikko Vainonen.
1:35 of 3rd period - Deflect By Jay Beagle.
1:35 of 3rd period - Stopped by Matt Murray with a rebound.
1:39 of 3rd period - Snap shot by Adam Hall.
1:39 of 3rd period - Shot Blocked by Jon Merrill.
1:49 of 3rd period - Tyler Bozak is hit by Thomas Spelling and loses puck.
1:56 of 3rd period - Slapshot by Thomas Spelling.
1:56 of 3rd period - Shot Misses the Net.
1:58 of 3rd period - Backhand shot by Joey Ryan.
1:58 of 3rd period - Shot Misses the Net.
2:10 of 3rd period - Slapshot by Brandon Saad.
2:10 of 3rd period - Shot Blocked by Tyler Bozak.
2:12 of 3rd period - Slapshot by Joey Ryan.
2:12 of 3rd period - Shot Misses the Net.
2:14 of 3rd period - Slapshot by Brandon Saad.
2:14 of 3rd period - Stopped by Matt Murray with a rebound.
2:16 of 3rd period - Wrist shot by Brandon Saad.
2:16 of 3rd period - Stopped by Matt Murray with a rebound.
2:18 of 3rd period - Slapshot by Zach Redmond.
2:18 of 3rd period - Shot Blocked by Tyler Bozak.
2:20 of 3rd period - Snap shot by Brandon Saad.
2:20 of 3rd period - Stopped by Matt Murray with a rebound.
2:34 of 3rd period - Snap shot by Louis Leblanc.
2:34 of 3rd period - Shot Misses the Net.
2:36 of 3rd period - Slapshot by Mark Fraser.
2:36 of 3rd period - Deflect By Louis Leblanc.
2:36 of 3rd period - Stopped by Connor Hellebyuk with a rebound.
2:38 of 3rd period - Slapshot by Taylor Beck.
2:38 of 3rd period - Goal by Taylor Beck - Diables : 4 - Thunder : 5.
2:39 of 3rd period - Jay Beagle wins face-off versus Tim Schaller in neutral zone.
3:54 of 3rd period - Wrist shot by Nikita Kucherov.
3:54 of 3rd period - Shot Misses the Net.
3:56 of 3rd period - Snap shot by Mark Fraser.
3:56 of 3rd period - Shot Misses the Net.
4:30 of 3rd period - Snap shot by Thomas Spelling.
4:30 of 3rd period - Goal by Thomas Spelling - Diables : 4 - Thunder : 6.
4:31 of 3rd period - Tyler Bozak wins face-off versus Jay Beagle in neutral zone.
4:33 of 3rd period - Minor Penalty to Brandon Prust for Holding.
4:34 of 3rd period - Tim Schaller wins face-off versus Jay Beagle in Diables zone.
4:34 of 3rd period - Tim Schaller is hit by Adam Hall.
4:45 of 3rd period - Jon Merrill is hit by Joey Ryan and loses puck.
4:59 of 3rd period - Icing by Jay Beagle.
5:00 of 3rd period - Jay Beagle wins face-off versus Tim Schaller in Thunder zone.
5:13 of 3rd period - Slapshot by David Fischer.
5:13 of 3rd period - Stopped by Matt Murray with a rebound.
5:15 of 3rd period - Slapshot by David Fischer.
5:15 of 3rd period - Shot Misses the Net.
5:17 of 3rd period - Slapshot by Dany Roussin.
5:17 of 3rd period - Shot Misses the Net.
5:19 of 3rd period - Snap shot by Daultan Leveillé.
5:19 of 3rd period - Stopped by Matt Murray without a rebound.
5:20 of 3rd period - Tyler Bozak wins face-off versus Daultan Leveillé in Diables zone.
5:25 of 3rd period - Daultan Leveillé is hit by Jon Merrill and loses puck.
5:32 of 3rd period - Slapshot by Tyler Bozak.
5:32 of 3rd period - Stopped by Connor Hellebyuk with a rebound.
5:34 of 3rd period - Slapshot by Tyler Bozak.
5:34 of 3rd period - Shot Blocked by Brett Festerling.
5:36 of 3rd period - Slapshot by Pavel Valentenko.
5:36 of 3rd period - Stopped by Connor Hellebyuk without a rebound.
5:37 of 3rd period - Tim Schaller wins face-off versus Jay Beagle in Thunder zone.
5:50 of 3rd period - Slapshot by Jay Beagle.
5:50 of 3rd period - Shot Blocked by Tim Schaller.
5:52 of 3rd period - Snap shot by Adam Hall.
5:52 of 3rd period - Goal by Adam Hall - Diables : 4 - Thunder : 7.
5:53 of 3rd period - Jay Beagle wins face-off versus Tyler Bozak in neutral zone.
6:34 of 3rd period - Minor Penalty to Brett Festerling for High sticking.
6:35 of 3rd period - Scott Parse wins face-off versus Taylor Beck in Thunder zone.
6:47 of 3rd period - David Fischer is hit by Mark Fraser and loses puck.
8:34 of 3rd period - Penalty to Brett Festerling is over, Brett Festerling is back on ice.
9:12 of 3rd period - Brandon Prust is hit by Brett Festerling and loses puck.
9:23 of 3rd period - Minor Penalty to Mike Hoffman for Roughing.
9:24 of 3rd period - Taylor Beck wins face-off versus Scott Parse in Thunder zone.
9:49 of 3rd period - David Fischer is hit by Craig Smith and loses puck.
11:23 of 3rd period - Penalty to Mike Hoffman is over, Mike Hoffman is back on ice.
11:59 of 3rd period - Jamie Oleksiak is hit by Adam Hall and loses puck.
12:34 of 3rd period - Peter Andersson is hit by Steve Quailer and loses puck.
13:03 of 3rd period - Tim Schaller is hit by Zach Redmond and loses puck.
13:36 of 3rd period - Jamie Oleksiak is hit by Austin Wuthrich and loses puck.
14:52 of 3rd period - Icing by Brian Dumoulin.
14:53 of 3rd period - Tyler Bozak wins face-off versus Mike Hoffman in Diables zone.
15:35 of 3rd period - Snap shot by Jordan Szwarz.
15:35 of 3rd period - Shot Blocked by Jay Beagle.
15:37 of 3rd period - Wrist shot by Louis Leblanc.
15:37 of 3rd period - Stopped by Connor Hellebyuk with a rebound.
15:43 of 3rd period - Snap shot by Jordan Szwarz.
15:43 of 3rd period - Goal by Jordan Szwarz - Diables : 5 - Thunder : 7.
15:44 of 3rd period - Nikita Kucherov wins face-off versus Ryan Nugent-Hopkins in neutral zone.
15:59 of 3rd period - Snap shot by Nikita Kucherov.
15:59 of 3rd period - Stopped by Connor Hellebyuk with a rebound.
16:11 of 3rd period - David Fischer is hit by Tim Schaller and loses puck.
16:18 of 3rd period - Snap shot by Alexandre Burrows.
16:18 of 3rd period - Deflect By Steve Quailer.
16:18 of 3rd period - Stopped by Connor Hellebyuk without a rebound.
16:19 of 3rd period - Tyler Bozak wins face-off versus Jay Beagle in Thunder zone.
16:26 of 3rd period - Snap shot by Nikita Kucherov.
16:26 of 3rd period - Shot Misses the Net.
16:30 of 3rd period - Wrist shot by Nikita Kucherov.
16:30 of 3rd period - Shot Blocked by Adam Hall.
16:32 of 3rd period - Wrist shot by Nikita Kucherov.
16:32 of 3rd period - Stopped by Connor Hellebyuk with a rebound.
17:02 of 3rd period - Minor Penalty to Mike Hoffman for Roughing.
17:03 of 3rd period - Scott Parse wins face-off versus Taylor Beck in Thunder zone.
17:34 of 3rd period - Jay Beagle is hit by Brian Dumoulin.
18:31 of 3rd period - Icing by Craig Smith.
18:32 of 3rd period - Zach Stepan wins face-off versus Tim Schaller in Diables zone.
18:35 of 3rd period - Slapshot by David Fischer.
18:35 of 3rd period - Stopped by Matt Murray without a rebound.
18:36 of 3rd period - Scott Parse wins face-off versus Taylor Beck in Diables zone.
19:02 of 3rd period - Penalty to Mike Hoffman is over, Mike Hoffman is back on ice.
19:23 of 3rd period - Minor Penalty to Brandon Prust for Slashing.
19:24 of 3rd period - Tim Schaller wins face-off versus Jay Beagle in Diables zone.
19:57 of 3rd period - Slapshot by Tyler Bozak.
19:57 of 3rd period - Shot Misses the Net.
19:59 of 3rd period - Wrist shot by Alexandre Burrows.
19:59 of 3rd period - Shot Blocked by Thomas Spelling.
Goals for this period are 2 for Diables vs 2 for Thunder.
Shots for this period are 10 for Diables vs 12 for Thunder.